 Dungeon Crawl Stone Soup version 0.24-a0-630-g0d56a85 (webtiles) character file.

Game seed: 6493146136425650387, levelgen mode: deterministic

1071 Deaus the Ruffian (level 8, -4/63 HPs)
             Began as a Vine Stalker Fighter on Sept 19, 2019.
             Was an Initiate of Ru.
             Slain by a vampire (10 damage)
             ... on level 5 of the Dungeon.
             The game lasted 00:11:40 (4248 turns).

Deaus the Ruffian (Vine Stalker Fighter)            Turns: 4248, Time: 00:11:40

Health: -4/63      AC: 13    Str: 27    XL:     8   Next: 28%
Magic:  0/9        EV: 11    Int:  8    God:    Ru [......]
Gold:   187        SH:  0    Dex: 13    Spells: 7/7 levels left

rFire    . . .     SeeInvis .     - Unarmed
rCold    . . .     Gourm    .   (no shield)
rNeg     . . .     Faith    .   a - +0 scale mail
rPois    .         Spirit   +   (no helmet)
rElec    .         Reflect  .   r - +2 cloak
rCorr    .         Harm     .   o - +2 pair of gloves
MR       ++...                  (no boots)
Stlth    ..........             (no amulet)
HPRegen  0.60/turn              e - ring of protection from magic
MPRegen  0.11/turn              (no ring)

@: mighty, berserking, very quick
A: fangs 3, regeneration 1, magic shield, antimagic bite, no potion heal 3, rot
immunity
a: Renounce Religion


You were on level 5 of the Dungeon.
You worshipped Ru.
Ru was noncommittal.
You were not hungry.

You visited 2 branches of the dungeon, and saw 6 of its levels.

You collected 215 gold pieces.
You spent 28 gold pieces at shops.

Inventory:

Armour
 a - a +0 scale mail (worn)
 o - a +2 pair of gloves (worn)
 r - a +2 cloak (worn)
Jewellery
 e - a ring of protection from magic (left hand)
 p - the amulet "Biyk" {rC+ rN+ Regen+ MP+9, unknown}
   (You found it on level 3 of the Dungeon)

   [amulet of regeneration]

   It protects you from cold.
   It protects you from negative energy.
   It affects your magic capacity (+9).
   It increases your rate of regeneration.
Wands
 l - a wand of disintegration (11)
 q - a wand of digging (4)
 s - a wand of iceblast (5)
Scrolls
 b - a scroll of magic mapping {unknown}
 f - 3 scrolls of remove curse {unknown}
 h - a scroll of fear {unknown}
 i - 7 scrolls of identify
 j - 2 scrolls of enchant armour {unknown}
 n - 5 scrolls of teleportation {unknown}
 t - a scroll of noise {unknown}
 u - a scroll of fog {unknown}
Potions
 c - a potion of might
 g - 3 potions of curing
 m - 3 potions of degeneration {unknown}
Comestibles
 d - 7 rations
 v - 2 chunks of flesh


   Skills:
 * Level 4.1 Fighting
 * Level 4.8 Armour
 * Level 2.4 Dodging
   Level 2.6 Shields
 * Level 6.6 Unarmed Combat


You had 7 spell levels left.
You didn't know any spells.
Your spell library was empty.

Dungeon Overview and Level Annotations

Branches:
Dungeon (5/15)             Temple (1/1) D:4

Altars:
Cheibriados
Dithmenos
Fedhas
Gozag
Hepliaklqana
Makhleb
Ru
Sif Muna
Trog
Uskayaw
Wu Jian
Yredelemnul
The Shining One

Shops:
D:5 ?

Annotations:
D:3 1 runed translucent door
D:4 2 transporters


Innate Abilities, Weirdness & Mutations

You have razor-sharp teeth.
Your natural rate of healing is unusually fast.
When hurt, damage is shared between your health and your magic reserves.
Your bite disrupts and absorbs the magic of your enemies.
Potions cannot restore your health.
You are immune to rotting.


Message History

You feel very mighty all of a sudden. The vampire closely misses you.
The vampire barely misses you.
You punch the vampire! Your bite misses the vampire.
The vampire is heavily damaged.
You hit the vampire.
The vampire is severely damaged.
The vampire gestures wildly while chanting.
The vampire flickers and vanishes!
Deactivating autopickup; reactivate with Ctrl-A.
You closely miss something. Your bite misses something. Something hits you.
Something bites you!
* * * LOW HITPOINT WARNING * * *
Something draws strength from your injuries!
A red film seems to cover your vision as you go berserk!
You feel yourself moving faster!
You feel mighty! Something hits you.
* * * LOW HITPOINT WARNING * * *
Something bites you but does no damage.
You barely miss something. Your bite misses something.
Something hits you but does no damage. Something bites you!
You die...

..... #......
....... .......
#..... .....
#..########## #
#.{........########
##@.)..............
#..#########......
#...# ######. ##..#
#. #...# #. ##..#
#. ..# #. #.. #.
..# #.


There were no monsters in sight!

Vanquished Creatures
  The ghost of BoppinsLewinski the Cudgeler, an amateur CeWn of Okawaru (D:3)
  A phantom (D:5)
  A sky beast (D:5)
  A bullfrog (D:3)
  A scorpion (D:4)
  A water moccasin skeleton (D:4)
  2 howler monkeys
  A bullfrog zombie (D:5)
  A jelly (D:5)
  An orc priest (D:3)
  2 hounds
  An orc wizard (D:3)
  A centaur skeleton (D:4)
  Jessica (D:2)
  Terence (D:2)
  3 worker ants
  A gnoll (D:4)
  7 adders
  A river rat (D:3)
  A shadow imp (D:5)
  2 oozes
  6 worms
  A dart slug (D:4)
  4 leopard geckos
  3 orcs
  6 bats
  2 giant cockroaches
  6 goblins
  6 hobgoblins
  10 jackals
  4 quokkas
  2 ball pythons
  5 frilled lizards
  4 kobolds
  A leopard gecko zombie (D:5)
  A quokka skeleton (D:4)
  11 rats
104 creatures vanquished.

Notes
Turn   | Place    | Note
-------+----------+-------------------------------------------
     0 | D:1      | Deaus the Vine Stalker Fighter began the quest for the Orb.
     0 | D:1      | Reached XP level 1. HP: 11/11 MP: 2/2
   456 | D:1      | Reached XP level 2. HP: 16/16 MP: 3/3
  1268 | D:2      | Reached XP level 3. HP: 18/20 MP: 2/4
  1296 | D:2      | Noticed Terence
  1317 | D:2      | Killed Terence
  1324 | D:2      | Gained mutation: Your natural rate of healing is unusually
                  | fast. [Vine Stalker growth]
  1324 | D:2      | Reached XP level 4. HP: 11/24 MP: 5/5
  1546 | D:2      | Reached skill level 3 in Unarmed Combat
  1948 | D:2      | Noticed Jessica
  1957 | D:2      | Killed Jessica
  1957 | D:2      | Reached XP level 5. HP: 22/28 MP: 4/6
  2137 | D:3      | Reached skill level 1 in Dodging
  2380 | D:3      | Found a runed translucent door.
  2408 | D:3      | Reached skill level 4 in Unarmed Combat
  2408 | D:3      | Reached XP level 6. HP: 24/32 MP: 5/7
  2452 | D:3      | Got a twitching garnet amulet
  2467 | D:3      | Found a runed translucent door.
  2468 | D:3      | Noticed BoppinsLewinski's ghost (amateur CeWn)
  2992 | D:3      | Killed BoppinsLewinski's ghost
  2992 | D:3      | Reached skill level 5 in Unarmed Combat
  2992 | D:3      | Reached XP level 7. HP: 31/37 MP: 6/8
  3316 | D:4      | Found a staircase to the Ecumenical Temple.
  3334 | Temple   | Entered the Ecumenical Temple
  3487 | Temple   | Became a worshipper of Ru the Awakened
  3509 | D:4      | Found a transporter.
  3608 | D:4      | Found a transporter.
  3844 | D:5      | Entered Level 5 of the Dungeon
  3863 | D:5      | Reached skill level 6 in Unarmed Combat
  3863 | D:5      | Gained mutation: You have razor-sharp teeth. [Vine Stalker
                  | growth]
  3863 | D:5      | Reached XP level 8. HP: 42/42 MP: 9/9
  3894 | D:5      | Found Plog's Magic Scroll Emporium.
  3895 | D:5      | Found an opulent altar of Gozag.
  3934 | D:5      | Bought a scroll of identify for 28 gold pieces
  3979 | D:5      | Found a shadowy altar of Dithmenos.
  4222 | D:5      | Noticed a vampire
  4248 | D:5      | Slain by a vampire

Levels and vault maps discovered:
D:1:      sevenhm_arrival_forest_fort_large_1, layout_basic, serial_park_tiny_2
D:2:      layout_basic, kennysheep_jessica_study, uniq_terence, uniq_jessica
D:3:      layout_loops_ring, ebering_ghost_sewer_f, minmay_checkerbox
D:4:      gammafunk_cloud_chamber, layout_cave_pools,
          minmay_temple_entry_junction, first_ration, sigmund_army
D:5:      layout_cave_pods, lemuel_zombie_altar_kikubaaqudgha,
          kennysheep_mini_moat, lemuel_crystal_altar, serial_shops, shop,
          eino_small_chamber_without_monster
Temple:   jpeg_temple_clearing

Skill      XL: |  1  2  3  4  5  6  7  8 |
---------------+-------------------------+-----
Fighting       | 3 4 |  4.1
Armour         | 3 4 |  4.8
Unarmed Combat | 3 4 5 6 |  6.6
Dodging        | 1 2 |  2.4
Shields        | |  2.6

Action                   |  1- 3 |  4- 6 |  7- 9 || total
-------------------------+-------+-------+-------++-------
Melee: Unarmed           |    96 |   160 |   164 ||   420
       Bite              |    24 |    49 |    55 ||   128
       Punch             |     1 |     2 |     7 ||    10
  Use: Potion            |     2 |     4 |     2 ||     8
  Eat: Chunk             |     1 |     6 |     4 ||    11
Armor: Scale mail        |    30 |    68 |   114 ||   212
Dodge: Dodged            |    38 |    72 |   134 ||   244

Table legend:
 A = Non-vault XP
 B = Vault XP
 C = Vault XP percentage of total XP
 D = Non-vault monster count
 E = Vault monster count
 F = Vault count percentage of total count
                 A         B        C        D         E       F
            +---------+---------+-------+---------+---------+-------
      Total |    1069 |     461 |  30.1 |      84 |      20 |  19.2
            +---------+---------+-------+---------+---------+-------
        D:1 |      22 |       4 |  15.4 |      15 |       4 |  21.1
        D:2 |      79 |      75 |  48.7 |      25 |       3 |  10.7
        D:3 |     192 |     359 |  65.2 |      16 |       9 |  36.0
        D:4 |     336 |      23 |   6.4 |      15 |       4 |  21.1
        D:5 |     440 |       0 |   0.0 |      13 |       0 |   0.0
            +---------+---------+-------+---------+---------+-------
